 Dungeon Crawl Stone Soup version 0.32-a0-131-g9dbbe29261 (webtiles) character file.

Game seed: 16923910517204802111

40385 Pooter the Severer (level 13, -1/183 HPs)
             Began as a Minotaur Berserker on Feb 8, 2024.
             Was a Priest of Trog.
             Slain by a seven-headed hydra (11 damage)
             ... on level 5 of the Lair of Beasts.
             The game lasted 01:32:09 (19801 turns).

Pooter the Severer (Minotaur Berserker)            Turns: 19801, Time: 01:32:10

Health: -1/183     AC: 16    Str: 25    XL:     13   Next: 74%
Magic:  12/12      EV:  9    Int:  6    God:    Trog [***...]
Gold:   820        SH:  0    Dex: 16    Spells: 12/12 levels left

rFire   . . .        H - +2 dire flail (venom)
rCold   . . .        (shield currently unavailable)
rNeg    . . .        o - +2 chain mail {rPois}
rPois   +            W - +0 hat
rElec   .            B - +1 cloak
rCorr   .            c - +2 pair of gloves
SInv    .            (no boots)
Will    ++...        (no amulet) Stlth
                     P - ring of poison resistance
HPRegen 1.50/turn    G - +6 ring of dexterity
MPRegen 0.13/turn

%: no passive effects
@: berserking, strong-willed, regenerating, very quick
A: horns 2, retaliatory headbutt
a: Renounce Religion, Berserk, Trog's Hand


You were on level 5 of the Lair of Beasts.
You worshipped Trog.
Trog was most pleased with you.
You visited 2 branches of the dungeon, and saw 15 of its levels.
You also visited: Sewer, Gauntlet and Volcano.

You collected 1028 gold pieces.
You spent 208 gold pieces at shops.

Inventory:

Hand Weapons
 a - a +1 battleaxe
   (You took it off an orc warrior on level 9 of the Dungeon)
 b - a +2 hand cannon of flaming
   (You found it in a volcano)
 e - the +6 spear of Conformity {heavy, rPois Will+ Int+2 Dex-3}
   (You found it on level 4 of the Dungeon)

   Int+2:     It affects your intelligence (+2).
   Dex-3:     It affects your dexterity (-3).
   rPois:     It protects you from poison Will+: It increases your willpower.
 H - a +2 dire flail of venom (weapon)
   (You took it off an orc warrior on level 10 of the Dungeon)
 K - a +0 demon whip of venom
   (You took it off Amaemon on level 3 of the Lair of Beasts)
Missiles
 z - 8 boomerangs (quivered)
 O - 23 poisoned darts
 Q - 14 stones
 T - 3 curare-tipped darts
 Y - 4 javelins
 Z - 4 atropa-tipped darts
Armour
 c - a +2 pair of gloves (worn)
   (You found it on level 1 of the Dungeon)
 o - a +2 chain mail of poison resistance (worn)
   (You took it off Terence on level 3 of the Dungeon)
 s - the +2 cloak of the Okapi {Will++ Str+3 Int-5}
   (You found it in a Gauntlet)

   Str+3:     It affects your strength (+3).
   Int-5:     It affects your intelligence (-5).
   Will++:    It greatly increases your willpower.
 B - a +1 cloak (worn)
   (You found it on level 9 of the Dungeon)
 L - a +0 plate armour
   (You found it on level 6 of the Dungeon)
 M - a +4 scale mail of fire resistance
   (You found it on level 6 of the Dungeon)
 W - a +0 hat (worn)
   (You found it on level 2 of the Lair of Beasts)
Jewellery
 p - a ring of flight
   (You found it on level 3 of the Dungeon)
 G - a +6 ring of dexterity (right hand)
   (You found it on level 6 of the Dungeon)
 P - a ring of poison resistance (left hand)
   (You found it on level 8 of the Dungeon)
Wands
 f - a wand of flame (33)
   (You took it off Grinder on level 4 of the Dungeon)
 n - a wand of polymorph (7)
   (You took it off Ijyb on level 3 of the Dungeon)
 u - a wand of paralysis (9)
   (You found it on level 2 of the Dungeon)
 y - a wand of roots (13)
   (You bought it in a shop on level 2 of the Dungeon)
 D - a wand of digging (3)
   (You bought it in a shop on level 2 of the Dungeon)
 N - a wand of mindburst (6)
   (You found it on level 6 of the Dungeon)
 R - a wand of quicksilver (12)
   (You found it on level 7 of the Dungeon)
Scrolls
 d - 5 scrolls of summoning
 j - 8 scrolls of enchant armour
 q - a scroll of fog
 t - a scroll of teleportation {@r4}
 x - 2 scrolls of immolation {!r}
 J - 4 scrolls of vulnerability {!r}
 S - a scroll of revelation
 U - 3 scrolls of poison
 X - 3 scrolls of blinking
Potions
 g - 2 potions of berserk rage {unknown}
 h - 2 potions of lignification {!q}
 k - 3 potions of ambrosia
 l - 2 potions of heal wounds {unknown}
 m - 4 potions of mutation {!q}
 r - 2 potions of invisibility
 v - 4 potions of haste {@q3}
 w - 6 potions of curing {@q1}
 A - a potion of degeneration {unknown}
 C - 2 potions of brilliance {unknown}
 E - 6 potions of enlightenment
 V - a potion of attraction {unknown}
Miscellaneous
 I - a phantom mirror
   (You found it on level 10 of the Dungeon)


   Skills:
 + Level 13.1 Fighting
 * Level 17.7 Axes
 * Level 14.4 Ranged Weapons
 - Level 4.6 Throwing
 + Level 3.7 Armour
 - Level 2.1 Dodging
 - Level 4.0 Stealth
 + Level 4.5 Evocations


You had 12 spell levels left.
You didn't know any spells.
Your spell library was empty.

Dungeon Overview and Level Annotations

Branches:
Dungeon (10/15) Zot: 26165  Temple (0/1) D:6            Lair (5/5) D:8 Zot: 21332
  Swamp (0/4) Lair:2       Spider (0/4) Lair:3          Orc (0/2) D:10
  Sewer (visited)         Volcano (visited)         Gauntlet (visited)
  Slime: Lair:4-5

Altars:
Ashenzari
Cheibriados
Dithmenos
Elyvilon
Hepliaklqana
Makhleb
Nemelex Xobeh
Okawaru
Trog
Uskayaw
Vehumet
Yredelemnul
The Shining One

Shops:
D:2 *

Annotations:
D:9 1 transporter, Dittersdorf's ghost, novice GrFi


Innate Abilities, Weirdness & Mutations

You have a pair of horns on your head.
You reflexively headbutt those who attack you in melee.


Message History

The black mamba closely misses you. You furiously retaliate!
You headbutt the black mamba! You slice the black mamba!!
The black mamba bites you.
You slice the black mamba!!
You kill the black mamba!
Trog accepts your kill.
Your skin crawls.
You feel strong-willed.
Your +2 dire flail of venom begins to drip with poison!
H - a +2 dire flail of venom (weapon)
The seven-headed hydra closely misses you.
You furiously retaliate!
You headbutt the seven-headed hydra.
The seven-headed hydra bites you but does no damage. x5
The seven-headed hydra barely misses you.
You barely miss the seven-headed hydra. You headbutt the seven-headed hydra!
The seven-headed hydra bites you! x2
The seven-headed hydra bites you but does no damage.
The seven-headed hydra bites you.
The seven-headed hydra closely misses you.
The seven-headed hydra bites you! The seven-headed hydra bites you.
You are too injured to fight recklessly!
You are too injured to fight recklessly!
You are too injured to fight recklessly!
You puncture the seven-headed hydra!
The seven-headed hydra bites you but does no damage.
The seven-headed hydra bites you. The seven-headed hydra bites you!
* * * LOW HITPOINT WARNING * * *
The seven-headed hydra bites you.
* * * LOW HITPOINT WARNING * * *
The seven-headed hydra bites you!
* * * LOW HITPOINT WARNING * * *
The seven-headed hydra bites you but does no damage. x2
You impale the seven-headed hydra!!
The seven-headed hydra looks as sick as possible!
The seven-headed hydra misses you. The seven-headed hydra bites you!
* * * LOW HITPOINT WARNING * * *
The seven-headed hydra bites you!
* * * LOW HITPOINT WARNING * * *
The seven-headed hydra bites you!
* * * LOW HITPOINT WARNING * * *
The seven-headed hydra bites you!
* * * LOW HITPOINT WARNING * * *
The seven-headed hydra bites you.
* * * LOW HITPOINT WARNING * * *
The seven-headed hydra bites you but does no damage.
A red film seems to cover your vision as you go berserk!
You feel yourself moving faster!
You feel mighty!
The seven-headed hydra bites you but does no damage.
The seven-headed hydra bites you!
You die...

). .D.# ..... # ≈.≈..## #
#..≈... #. ###### ..#.P ...
##....# #.#D ....######....@##
#.. ..ß....#..#..D..# ##P
..........PP....# ###.
.ß..............# ## ####.#Y
.......#.P.##...#.###PY##.#....
...ß....######.........YYlY.YFP
......## .#...(....#.#.#PPP
.$..## # #......F.##.#### ..#.
...((... .#. .


You could see a seven-headed hydra (extremely poisoned).

Vanquished Creatures
  A minotaur (Gauntlet)
  A red draconian (Volcano)
  A green death (Gauntlet)
  4 hydras
  A two-headed ogre (D:10)
  2 boulder beetles
  A tengu warrior (Gauntlet)
  5 death yaks
  Sonja (D:10)
  Amaemon (Lair:3)
  A salamander mystic (Volcano)
  A swamp dragon (Lair:2)
  5 salamanders (Volcano)
  2 elephants (Lair:5)
  5 black mambas
  An orange demon (Lair:3)
  12 cane toads
  3 komodo dragons
  3 rime drakes
  Psyche (D:10)
  2 tengu conjurers (Gauntlet)
  2 polar bears (Lair:4)
  A troll (D:9)
  Grinder (D:4)
  5 hornets
  4 blink frogs
  Sigmund (D:3)
  2 centaur simulacra (Gauntlet)
  A jumping spider (Lair:3)
  2 culicivoras (Lair:3)
  2 wyverns
  47 yaks
  Grum (D:8)
  2 basilisks
  A redback (Lair:3)
  2 vampire mosquitoes (D:10)
  Menkaure (D:4)
  An acid dragon (D:10)
  9 water moccasins
  7 orc warriors
  An ogre (D:6)
  A sky beast (D:8)
  2 black bears
  17 wolves
  A crocodile (Sewer)
  5 centaurs
  3 phantoms
  4 kobold brigands
  8 bullfrogs
  A gnoll sergeant (D:7)
  3 scorpions
  3 wights (D:7)
  9 killer bees
  4 howler monkeys
  3 bombardier beetles
  5 hounds
  4 jellies
  6 orc priests
  3 gnoll boudas
  Ijyb (D:3)
  Terence (D:3)
  4 iguanas
  9 orc wizards
  9 adders
  28 gnolls
  4 river rats (Sewer)
  A shadow imp (D:5)
  A white imp (D:5)
  4 ufetubi
  3 ribbon worms
  4 dart slugs
  40 orcs
  8 ball pythons
  4 bats
  20 endoplasms
  6 giant cockroaches
  6 goblins
  5 hobgoblins
  4 quokkas
  5 frilled lizards
  25 kobolds
  7 rats
428 creatures vanquished.

Vanquished Creatures (others)
  A hornet (Lair:2)
1 creature vanquished.

Grand Total: 429 creatures vanquished

Notes
Turn   | Place    | Note
-------+----------+-------------------------------------------
     0 | D:1      | Pooter the Minotaur Berserker began the quest for the Orb.
     0 | D:1      | Reached XP level 1. HP: 19/19 MP: 0/0
    64 | D:1      | Reached XP level 2. HP: 25/27 MP: 1/1
   229 | D:1      | Reached skill level 4 in Axes
   337 | D:1      | Reached XP level 3. HP: 30/33 MP: 2/2
   492 | D:1      | Reached ** piety under Trog
   493 | D:1      | Reached skill level 1 in Throwing
   576 | D:2      | Found a sparkling altar of Nemelex Xobeh.
   770 | D:2      | Reached skill level 1 in Stealth
   770 | D:2      | Reached skill level 1 in Evocations
   823 | D:2      | Reached XP level 4. HP: 40/40 MP: 3/3
   865 | D:2      | Found Uckomp's Assorted Antiques.
  1329 | D:3      | Noticed Terence
  1332 | D:3      | Noticed Ijyb
  1348 | D:3      | Killed Terence
  1349 | D:3      | Reached skill level 5 in Axes
  1357 | D:3      | Killed Ijyb
  1358 | D:3      | Reached XP level 5. HP: 47/47 MP: 4/4
  1806 | D:3      | Noticed Sigmund
  1816 | D:3      | Killed Sigmund
  1817 | D:3      | Reached XP level 6. HP: 55/55 MP: 5/5
  1948 | D:3      | Reached skill level 5 in Fighting
  1948 | D:3      | Reached skill level 6 in Axes
  2209 | D:3      | Reached *** piety under Trog
  2501 | D:4      | Reached XP level 7. HP: 61/61 MP: 6/6
  2516 | D:4      | Identified the +6 spear of Conformity {heavy, rPois Will+
                  | Int+2 Dex-3}
  2606 | D:4      | Noticed Menkaure
  2610 | D:4      | Killed Menkaure
  2785 | D:4      | Found a glowing golden altar of the Shining One.
  2805 | D:4      | Noticed Grinder
  2812 | D:4      | Killed Grinder
  2813 | D:4      | Reached skill level 7 in Axes
  2822 | D:4      | Reached XP level 8. HP: 66/70 MP: 7/7
  3061 | D:4      | Found a burning altar of Makhleb.
  3061 | D:4      | Found a shadowy altar of Dithmenos.
  3061 | D:4      | Found a snail-covered altar of Cheibriados.
  3061 | D:4      | Found a radiant altar of Vehumet.
  3061 | D:4      | Found a basalt altar of Yredelemnul.
  3061 | D:4      | Found a broken altar of Ashenzari.
  3270 | D:2      | Bought a runed bone wand for 104 gold pieces
  3381 | D:4      | Reached **** piety under Trog
  3475 | D:5      | Entered Level 5 of the Dungeon
  3528 | D:5      | Reached skill level 8 in Axes
  3730 | D:5      | Found a glowing drain.
  3739 | Sewer    | Entered a sewer
  4154 | D:5      | Reached ***** piety under Trog
  4479 | D:6      | Reached skill level 9 in Axes
  4479 | D:6      | Reached XP level 9. HP: 65/79 MP: 8/8
  4665 | D:6      | Reached skill level 1 in Ranged Weapons
  4665 | D:6      | Found a staircase to the Ecumenical Temple.
  4724 | D:6      | Identified the +1 leather armour of the Kangaroo {-Tele
                  | rElec Regen+ Slay+3}
  4952 | D:6      | Found a shadowy altar of Dithmenos.
  5251 | D:2      | Bought a runed fluorescent wand for 104 gold pieces
  5611 | D:7      | Found a radiant altar of Vehumet.
  5665 | D:7      | Reached skill level 10 in Axes
  6418 | D:7      | Found a hide-covered altar of Uskayaw.
  6419 | D:7      | Found an iron altar of Okawaru.
  6423 | D:7      | Found a bloodstained altar of Trog.
  6475 | D:7      | Found a hazy altar of Hepliaklqana.
  6699 | D:7      | Reached skill level 5 in Ranged Weapons
  6835 | D:8      | Reached XP level 10. HP: 74/89 MP: 9/9
  6840 | D:8      | Reached skill level 11 in Axes
  6960 | D:8      | Found a staircase to the Lair.
  7182 | D:8      | Noticed Grum
  7200 | D:8      | Killed Grum
  8238 | D:9      | Found a white marble altar of Elyvilon.
  8287 | D:9      | Reached skill level 12 in Axes
  8728 | D:9      | Identified the +1 great mace "Netruhix" {protect, rPois
                  | Int+6}
  8728 | D:9      | Identified the +4 dire flail "Newtslayer" {spect, rN+}
  8728 | D:9      | Noticed a two-headed ogre
  8728 | D:9      | Noticed Dittersdorf's ghost (novice GrFi)
  8730 | D:9      | Found a transporter.
  8730 | D:9      | Noticed a two-headed ogre
  8732 | D:9      | Noticed a two-headed ogre
  8733 | D:9      | Noticed a two-headed ogre
  8735 | D:9      | Noticed a two-headed ogre
  8825 | D:9      | Paralysed by a hornet for 3 turns
  9004 | D:9      | Noticed a boulder beetle
  9010 | D:9      | Killed a boulder beetle
  9129 | D:10     | Entered Level 10 of the Dungeon
  9129 | D:10     | Found a staircase to the Orcish Mines.
  9138 | D:10     | Reached XP level 11. HP: 97/97 MP: 10/10
  9220 | D:10     | Noticed a two-headed ogre
  9224 | D:10     | Killed a two-headed ogre
  9225 | D:10     | Reached skill level 13 in Axes
  9592 | D:10     | Noticed Sonja
  9600 | D:10     | Killed Sonja
  9601 | D:10     | Reached skill level 10 in Fighting
  9821 | D:10     | Noticed Psyche
  9843 | D:10     | Killed Psyche
  9869 | D:10     | Identified the +3 leather armour "Tuek" {rC+ rN+ Will+
                  | Stlth-}
  9942 | Lair:1   | Entered Level 1 of the Lair of Beasts
  9944 | Lair:1   | Upgraded the game from 0.32-a0-128-g77eb882913 to
                  | 0.32-a0-131-g9dbbe29261
 10224 | Lair:1   | Identified the +0 helmet of Past Mistakes {Rampage Int+4}
 10263 | Lair:1   | You fall into a shaft and drop 1 floor!
 10355 | Lair:2   | Reached skill level 10 in Ranged Weapons
 10619 | Lair:1   | Reached skill level 14 in Axes
 11517 | Lair:2   | Noticed a five-headed hydra
 11942 | Lair:2   | Noticed an eight-headed hydra
 11952 | Lair:2   | Killed an eight-headed hydra
 12230 | Lair:2   | Killed a six-headed hydra
 12587 | Lair:2   | Reached XP level 12. HP: 90/110 MP: 11/11
 12679 | Lair:2   | Found a staircase to the Swamp.
 12927 | Lair:3   | Found a dark tunnel.
 13004 | Volcano  | Entered a volcano
 13041 | Volcano  | Reached skill level 15 in Axes
 13476 | Volcano  | Noticed a red draconian
 13488 | Volcano  | Killed a red draconian
 14130 | Lair:3   | Noticed Amaemon
 14147 | Lair:3   | Killed Amaemon
 14148 | Lair:3   | Reached skill level 16 in Axes
 14236 | Lair:3   | Noticed a five-headed hydra
 14244 | Lair:3   | Killed a five-headed hydra
 14285 | Lair:3   | Noticed a death yak
 14288 | Lair:3   | Noticed a death yak
 14292 | Lair:3   | Noticed a death yak
 14292 | Lair:3   | Noticed a death yak
 14295 | Lair:3   | Noticed a death yak
 14300 | Lair:3   | Killed a death yak
 15993 | Lair:2   | Killed a death yak
 16733 | Lair:2   | Killed a death yak
 16734 | Lair:2   | Reached XP level 13. HP: 54/118 MP: 12/12
 17889 | Lair:3   | Found a hole to the Spider Nest.
 18178 | Lair:4   | Found a gate leading to a gauntlet.
 18187 | Gauntlet | Entered a Gauntlet
 18187 | Gauntlet | Found a transporter.
 18187 | Gauntlet | Found a transporter.
 18229 | Gauntlet | Found a transporter.
 18231 | Gauntlet | Found a transporter.
 18266 | Gauntlet | Found a transporter.
 18269 | Gauntlet | Found a transporter.
 18300 | Gauntlet | Reached skill level 17 in Axes
 18374 | Gauntlet | Found a transporter.
 18377 | Gauntlet | Found a transporter.
 18385 | Gauntlet | Noticed a green death
 18399 | Gauntlet | Found a transporter.
 18405 | Gauntlet | Killed a green death
 18490 | Gauntlet | Identified the +2 cloak of the Okapi {Will++ Str+3 Int-5}
 18498 | Gauntlet | Found a transporter.
 18506 | Gauntlet | Noticed a minotaur
 18515 | Gauntlet | Killed a minotaur
 19556 | Lair:5   | Entered Level 5 of the Lair of Beasts
 19800 | Lair:5   | HP: 6/122 [seven-headed hydra (3)]
 19801 | Lair:5   | Slain by a seven-headed hydra

Illustrated notes

Levels and vault maps discovered:
D:1:      dpeg_arrival_shelter, layout_loops_cross
D:2:      layout_loops_ring, basic_altar, serial_shops, nicolae_shop_dealshenge
D:3:      layout_loops_corners, ebering_dispersal_statue_hall, uniq_sigmund,
          uniq_ijyb, uniq_terence
D:4:      cheibrodos_fertilizer, layout_cave_pods, mainiacjoe_overflow_24_doors,
          uniq_grinder, uniq_menkaure
D:5:      layout_rooms, cheibrodos_sewer_entry_drain
D:6:      layout_basic, general_overflow_altar, minmay_temple_entry_mist
D:7:      layout_basic, amcnicky_altar_gilded,
          nicolae_overflow_macrodata_refinement, nicolae_figureground_sparkle
D:8:      layout_loops_corners, erik_lair_orcish_takeover, uniq_grum
D:9:      layout_roguey, mainiacjoe_overflow_alcove_2, serial_corexii_hall,
          corexii_hall_statues_u, corexii_hall_statues_u,
          corexii_hall_statues_x, corexii_hall_statues_t, gammafunk_ghost_smash
D:10:     layout_rooms, orc_0_dummy, uniq_psyche, uniq_sonja
Lair:1:   layout_cave_pods
Lair:2:   layout_cellular_growth, mainiacjoe_swamp_entry_lozenge_pond
Lair:3:   layout_chaotic_city, spider_nest_entry_funnel_web,
          nicolae_volcano_entry_lava_flow, uniq_amaemon
Lair:4:   layout_long_grid, gauntlet_entry_generic, hibernation_bobbens,
          infiniplex_staircase_pool, grunt_megastairs_4
Lair:5:   evilmike_catoblepas_cave, layout_loops_ring, slime_entry_2,
          bobbens_dragon_lair_wall, lemuel_fruit_tree

Skill      XL: |  1  2  3  4  5  6  7  8  9 10 11 12 13 |
---------------+----------------------------------------+-----
Axes           | 4 5 6 7 9 10 12 14 16 17 | 17.7
Fighting       | 4 5 6 7 8 9 11 12 13 | 13.1
Throwing       | 1 2 3 4 |  4.6
Stealth        | 1 2 3 4 |  4.0
Evocations     | 1 2 3 4 |  4.5
Ranged Weapons | 5 8 10 13 14 | 14.4
Armour         | 3 |  3.7
Dodging        | |  2.1

Action                     |  1- 3 |  4- 6 |  7- 9 | 10-12 | 13-15 || total
---------------------------+-------+-------+-------+-------+-------++-------
  Melee: Hand axe          |    77 |    64 |       |       |       ||   141
         Headbutt          |     9 |    22 |    59 |    91 |    38 ||   219
         Punch             |     2 |     2 |     2 |     8 |       ||    14
         Halberd           |       |    53 |   247 |       |       ||   300
         War axe           |       |       |    37 |   127 |       ||   164
         Dire flail        |       |       |    26 |    68 |     7 ||   101
         Spear             |       |       |    12 |     6 |       ||    18
         Battleaxe         |       |       |       |   205 |   143 ||   348
   Fire: Orcbow            |       |       |    10 |    48 |       ||    58
         Hand cannon       |       |       |       |    55 |    45 ||   100
  Throw: Stone             |       |     3 |    20 |       |       ||    23
         Dart              |       |       |     6 |       |       ||     6
         Boomerang         |       |       |       |    12 |       ||    12
 Invoke: Trog's Hand       |       |     1 |     7 |    17 |     9 ||    34
         Berserk           |       |       |     6 |    14 |     5 ||    25
  Evoke: Wand              |       |     3 |     5 |     5 |     1 ||    14
         Phantom mirror    |       |       |       |     1 |       ||     1
    Use: Scroll            |       |     5 |     4 |    13 |    10 ||    32
         Potion            |       |       |       |     1 |     2 ||     3
   Stab: Paralysed         |       |    15 |     3 |     2 |       ||    20
 Armour: Animal skin       |     5 |       |       |       |       ||     5
         Ring mail         |    27 |    28 |       |       |       ||    55
         Chain mail        |       |    40 |   287 |   373 |   128 ||   828
         Plate armour      |       |       |       |    89 |   109 ||   198
         Scale mail        |       |       |       |    25 |       ||    25
  Dodge: Dodged            |    55 |    32 |   165 |   220 |    77 ||   549

Table legend: (Time is in decaauts)
 A = Elapsed time spent in this place.
 B = Non-inter-level travel time spent in this place.
 C = Inter-level travel time spent in this place.
 D = Time resting spent in this place.
 E = Time spent auto-exploring this place.
 F = Levels seen in this place.
 G = Mean time per level.
                   A        B        C        D        E       F      G
               +--------+--------+--------+--------+--------+-----+--------+
         Total |  20107 |  19424 |    683 |   7161 |   8840 |  18 | 1117.1 |
       Dungeon |   9716 |   9218 |    498 |   1464 |   5960 |  10 |  971.6 |
          Lair |   8666 |   8481 |    185 |   4815 |   2630 |   5 | 1733.2 |
         Sewer |    433 |    433 |      0 |     54 |    168 |   1 |  433.0 |
       Volcano |    650 |    650 |      0 |    396 |     76 |   1 |  650.0 |
      Gauntlet |    640 |    640 |      0 |    431 |      5 |   1 |  640.0 |
               +--------+--------+--------+--------+--------+-----+--------+

Top non-repeatable levels by time:
  Lair:3: 3940 daAuts
  Lair:2: 2470 daAuts
     D:7: 1397 daAuts
     D:8: 1364 daAuts
     D:3: 1275 daAuts
  Lair:1: 1161 daAuts
     D:4: 1092 daAuts
     D:9: 1088 daAuts
  Lair:4: 863 daAuts
     D:6: 843 daAuts
    D:10: 737 daAuts
     D:2: 729 daAuts
 Volcano: 650 daAuts
Gauntlet: 640 daAuts
     D:5: 607 daAuts
